 Dungeon Crawl Stone Soup version 0.27-a0-1196-g3e9cee4cb2 (webtiles) character file.

Game seed: 6880607608584764756

2742 lightspider the Magician (level 9, -6/75 HPs)
             Began as a Purple Draconian Conjurer on May 28, 2021.
             Was a Follower of Vehumet.
             Mangled by zarzak's ghost (11 damage)
             ... on level 6 of the Dungeon on May 29, 2021.
             The game lasted 00:52:06 (7772 turns).

lightspider the Magician (DrCj)                     Turns: 7772, Time: 00:52:07

Health: -6/75      AC:  8    Str: 12    XL:     9   Next: 41%
Magic:  1/18       EV: 13    Int: 19    God:    Vehumet [*.....]
Gold:   689        SH:  0    Dex: 10    Spells: 8/20 levels left

rFire    . . .     SeeInvis .   f - +0 spear (elec)
rCold    . . .     Faith    .   (no shield)
rNeg     . . .     Spirit   .   (armour unavailable)
rPois    .         Reflect  .   (helmet restricted)
rElec    .         Harm     .   (no cloak)
rCorr    .         Rampage  .   (no gloves)
Will     +....                  j - +0 pair of boots
Stlth    ++........             (no amulet)
HPRegen  0.22/turn              (no ring)
MPRegen  0.16/turn              (no ring)

@: no status effects
A: breathe power, AC +7, unfitting armour, cold-blooded
a: Breathe Dispelling Energy, Renounce Religion


You were on level 6 of the Dungeon.
You worshipped Vehumet.
Vehumet was aware of your devotion.
You visited 2 branches of the dungeon, and saw 7 of its levels.

You collected 1055 gold pieces.
You spent 366 gold pieces at shops.

Inventory:

Hand Weapons
 e - a +0 scythe
 f - a +0 spear of electrocution (weapon)
Missiles
 c - 73 arrows
 d - 291 stones
 g - 51 poisoned darts (quivered)
Armour
 j - a +0 pair of boots (worn)
Wands
 q - a wand of iceblast (4)
 s - a wand of flame (7)
Scrolls
 m - 2 scrolls of teleportation
Potions
 a - a potion of lignification
 b - 2 potions of berserk rage
 h - a potion of cancellation
 i - a potion of magic
 k - a potion of attraction
 l - a potion of haste
 n - a potion of heal wounds
 o - a potion of mutation {unknown}
 p - 2 potions of ambrosia {unknown}
 r - 2 potions of flight {unknown}


   Skills:
 + Level 5.7 Fighting
 + Level 5.0 Polearms
 + Level 5.2 Dodging
 - Level 1.7 Stealth
 - Level 0.5 Unarmed Combat
 + Level 6.4 Spellcasting
 + Level 5.2 Conjurations
 + Level 5.5 Summonings
 - Level 2.0 Translocations


You had 8 spell levels left.
You knew the following spells:

 Your Spells              Type           Power      Damage    Failure   Level
a - Magic Dart            Conj           100%       1d8       1%          1
b - Searing Ray           Conj           50%        3d5       1%          2
c - Blink                 Tloc           N/A        N/A       7%          2
d - Spellforged Servitor  Conj/Summ      13%        N/A       100%        7

Your spell library contained the following spells:

 Spells                   Type           Power      Damage    Failure   Level
 Sandblast                Erth           12%        2d6       11%         1
 Foxfire                  Conj/Fire      64%        2x1d7     3%          1
 Dazzling Flash           Conj/Hex       32%        N/A       11%         3
 Teleport Other           Tloc           13%        N/A       14%         3
 Portal Projectile        Hex/Tloc       18%        N/A       22%         3
 Iskenderun's Mystic Bla  Conj/Tloc      19%        2d6       24%         4
 Fulminant Prism          Conj/Hex       8%         3d7       36%         4
 Cause Fear               Hex            3%         N/A       71%         4
 Manifold Assault         Tloc           13%        N/A       78%         5
 Dragon Form              Tmut           3%         N/A       100%        7
 Dragon's Call            Summ           13%        N/A       100%        9


Dungeon Overview and Level Annotations

Branches:
Dungeon (6/15)             Temple (1/1) D:5

Altars:
Ashenzari
Cheibriados
Dithmenos
Hepliaklqana
Kikubaaqudgha
Nemelex Xobeh
Uskayaw
Vehumet
Wu Jian
Xom
Yredelemnul
Zin
The Shining One
Beogh

Shops:
D:4 ?   D:5 ?   D:6 *

Annotations:
D:4 1 runed translucent door, Crazy Yiuf
D:6 zarzak's ghost, novice DgFi


Innate Abilities, Weirdness & Mutations

You can breathe bolts of dispelling energy.
Your rich purple scales are hard. (AC +7)
You cannot fit into any form of body armour.
You are cold-blooded and may be slowed by cold attacks.


Message History

* * * LOW HITPOINT WARNING * * *
Zarzak's ghost keens inconsolably.
Casting: Magic Dart (safe; 1% risk of failure)
Confirm with . or Enter, or press ? or * to list all spells.
Aiming: Searing Ray (safe; 1% risk of failure)
Press: ? - help, Shift-Dir - straight line, f/p - zarzak's ghost
Aim: zarzak's ghost (severely damaged, 85% to hit)
The searing ray hits zarzak's ghost.
Zarzak's ghost is severely damaged. (Press . to maintain the ray.) Zarzak's ghost hits you!
* * * LOW HITPOINT WARNING * * *
The searing ray hits zarzak's ghost!
Zarzak's ghost is almost destroyed.
Zarzak's ghost barely misses you.
The searing ray hits zarzak's ghost.
Zarzak's ghost is almost destroyed.
Zarzak's ghost hits you but does no damage.
Without enough magic to sustain it, your searing ray dissipates.
Zarzak's ghost completely misses you.
Casting: Searing Ray (safe; 1% risk of failure)
Confirm with . or Enter, or press ? or * to list all spells.
Aiming: Searing Ray (safe; 1% risk of failure)
Press: ? - help, Shift-Dir - straight line, f/p - zarzak's ghost
Aim: zarzak's ghost (almost destroyed, 85% to hit)
The searing ray hits zarzak's ghost but does no damage.
Zarzak's ghost is almost destroyed. (Press . to maintain the ray.)
The searing ray hits zarzak's ghost.
Zarzak's ghost is almost destroyed.
Zarzak's ghost barely misses you.
The searing ray hits zarzak's ghost.
Zarzak's ghost is almost destroyed.
Zarzak's ghost hits you!
* * * LOW HITPOINT WARNING * * *
The searing ray misses zarzak's ghost.
You finish channeling your searing ray.
Zarzak's ghost hits you!
* * * LOW HITPOINT WARNING * * *
Zarzak's ghost hits you!
You die...

.#..# #.# ##..#.###.....รท.#....
...######.###...#.##.............
...................'.............
...#####.###########8............
.#.# #.# #8.....#........#....
##.#####.# #..##..#.#.....##....
......##.# #..8#..#)##...###....
##.##.##.# #..##..#)###+## ####.
#.##.##.####).W@#.#.# #.# #.
#.##.##....#[...#)')###.# #.
##.##.#######_.8.#['..##.## #.
......# #....#.'..#...## #.
##.#### #...)#.#.......#####.
...# #..##..#.##........#. ####
#..8#..#.##..##......
#..##..#........##.##
#8.....#.##........#


You could see zarzak's ghost.

Vanquished Creatures
  Pikel (D:6)
  Grinder (D:4)
  Eustachio (D:3)
  Sigmund (D:2)
  A water moccasin (D:6)
  Duvessa (D:5)
  2 orc warriors (D:6)
  An ice beast (D:5)
  2 ogres
  2 necrophages (D:6)
  2 phantoms
  A lemure (D:6)
  A scorpion (D:5)
  A wyvern skeleton (D:5)
  Dowan (D:5)
  A bullfrog zombie (D:6)
  A centaur zombie (D:6)
  2 hounds
  A jelly (D:5)
  3 orc priests
  2 bullfrog skeletons
  A centaur skeleton (D:5)
  2 iguanas
  3 orc wizards
  A hound skeleton (D:4)
  Robin (D:2)
  7 adders
  2 ufetubi
  An adder zombie (D:5)
  2 worms
  A dart slug (D:3)
  21 orcs
  7 endoplasms
  3 giant cockroaches
  11 goblins
  7 hobgoblins
  7 jackals
  5 quokkas
  4 ball pythons
  3 bats
  3 frilled lizards
  6 kobolds
  5 rats
132 creatures vanquished.

Notes
Turn   | Place    | Note
-------+----------+-------------------------------------------
     0 | D:1      | lightspider the Draconian Conjurer began the quest for the
                  | Orb.
     0 | D:1      | Reached XP level 1. HP: 14/14 MP: 3/3
   542 | D:1      | Reached XP level 2. HP: 22/22 MP: 1/5
  1305 | D:2      | Reached skill level 1 in Fighting
  1397 | D:1      | Learned a level 2 spell: Searing Ray
  1442 | D:2      | Reached XP level 3. HP: 28/28 MP: 2/6
  1826 | D:2      | Noticed Sigmund
  1860 | D:2      | Killed Sigmund
  1861 | D:2      | Reached skill level 1 in Polearms
  1861 | D:2      | Reached XP level 4. HP: 5/36 MP: 0/8
  1861 | D:2      | Reached XP level 5. HP: 6/41 MP: 0/9
  2151 | D:2      | Noticed Robin
  2180 | D:2      | Reached skill level 3 in Spellcasting
  2190 | D:2      | Killed Robin
  2338 | D:2      | Found a faded altar of an unknown god.
  2558 | D:2      | Noticed an ogre
  2572 | D:2      | Killed an ogre
  2573 | D:2      | Reached XP level 6. HP: 50/50 MP: 4/10
  3089 | D:3      | Found a sparkling altar of Nemelex Xobeh.
  3091 | D:3      | Found a hazy altar of Hepliaklqana.
  3096 | D:3      | Found a glowing silver altar of Zin.
  3096 | D:3      | Found a broken altar of Ashenzari.
  3096 | D:3      | Found a shimmering altar of Xom.
  3096 | D:3      | Found an ornate altar of the Wu Jian Council.
  3096 | D:3      | Found a radiant altar of Vehumet.
  3099 | D:3      | Found a hide-covered altar of Uskayaw.
  3101 | D:3      | Found a glowing golden altar of the Shining One.
  3102 | D:3      | Found an ancient bone altar of Kikubaaqudgha.
  3103 | D:3      | Found a shadowy altar of Dithmenos.
  3104 | D:3      | Found a snail-covered altar of Cheibriados.
  3122 | D:3      | Became a worshipper of Vehumet
  3169 | D:3      | Reached skill level 5 in Conjurations
  3692 | D:3      | Identified 3 scrolls of acquirement
  3692 | D:3      | Acquired a book of the Dragon
  3694 | D:3      | Acquired 691 gold pieces
  3696 | D:3      | Acquired Imaikh's Volume of the Supportive Traveller
  3701 | D:3      | Learned a level 2 spell: Blink
  4138 | D:4      | Found Okeojor's Magic Scroll Emporium.
  4138 | D:4      | Noticed Eustachio
  4172 | D:3      | Killed Eustachio
  4173 | D:3      | Reached skill level 1 in Translocations
  4173 | D:3      | Your scales start taking on a rich purple colour.
  4173 | D:3      | Reached skill level 4 in Spellcasting
  4173 | D:3      | Reached XP level 7. HP: 41/57 MP: 0/13
  4184 | D:3      | Learned a level 7 spell: Spellforged Servitor
  4308 | D:4      | Bought a scroll of fear for 38 gold pieces
  4359 | D:4      | Noticed Grinder
  4382 | D:4      | Paralysed by Grinder for 4 turns
  4400 | D:4      | Paralysed by Grinder for 2 turns
  4408 | D:4      | Killed Grinder
  4409 | D:4      | Reached skill level 1 in Summonings
  4775 | D:4      | Found a runed translucent door.
  4776 | D:4      | Noticed Crazy Yiuf
  4887 | D:4      | Bought a scroll of identify for 22 gold pieces
  4887 | D:4      | Bought a scroll of identify for 22 gold pieces
  4887 | D:4      | Bought a scroll of identify for 22 gold pieces
  4887 | D:4      | Bought a scroll of identify for 22 gold pieces
  5203 | D:5      | Entered Level 5 of the Dungeon
  5205 | D:5      | Noticed Duvessa
  5205 | D:5      | Noticed Dowan
  5261 | D:5      | Reached skill level 5 in Spellcasting
  5261 | D:5      | Reached XP level 8. HP: 52/66 MP: 4/15
  5372 | D:5      | Found a staircase to the Ecumenical Temple.
  5435 | D:5      | Found a basalt altar of Yredelemnul.
  5450 | D:5      | Found Facuceaqu's Magic Scroll Shoppe.
  5464 | D:5      | Killed Dowan
  5527 | D:5      | HP: 3/67 [Duvessa/+0 short sword (16)]
  5539 | Temple   | Entered the Ecumenical Temple
  5566 | D:5      | Killed Duvessa
  5893 | D:5      | Bought a scroll of brand weapon for 240 gold pieces
  6709 | D:6      | Reached skill level 5 in Fighting
  6711 | D:6      | Reached * piety under Vehumet
  6711 | D:6      | Offered knowledge of Sandblast by Vehumet.
  6922 | D:6      | Reached skill level 6 in Spellcasting
  6922 | D:6      | Reached XP level 9. HP: 74/74 MP: 14/18
  7070 | D:6      | Found Wezisap's Assorted Antiques.
  7154 | D:6      | Noticed Pikel
  7164 | D:6      | Killed Pikel
  7165 | D:6      | Reached skill level 5 in Dodging
  7165 | D:6      | Reached skill level 5 in Summonings
  7441 | D:6      | Found a runed translucent gate.
  7441 | D:6      | Found a runed translucent gate.
  7444 | D:6      | Noticed zarzak's ghost (novice DgFi)
  7445 | D:6      | Found a runed translucent gate.
  7679 | D:6      | Reached skill level 5 in Polearms
  7772 | D:6      | Mangled by zarzak's ghost

Illustrated notes

Levels and vault maps discovered:
D:1:      dpeg_arrival_orchard, layout_basic
D:2:      layout_loops_ring, hellmonk_ecumenical_altar_zigzags, uniq_robin,
          uniq_sigmund
D:3:      layout_basic, minitemple, serial_bayou_pond_c
D:4:      layout_rooms, serial_shops, shop_scrolls, minmay_ruptured,
          uniq_crazy_yiuf_cottage, uniq_eustachio, uniq_grinder
D:5:      layout_cave_pools, kennysheep_little_box,
          minmay_temple_entry_stoned_glass, serial_shops, nicolae_shop_stone,
          uniq_duvessa
D:6:      layout_loops_corners, biasface_ghost_orc_armoury, serial_shops,
          nicolae_shop_competitors_out_of_business, grunt_decor_cap, uniq_pikel
Temple:   corrupted_temple

Skill      XL: |  1  2  3  4  5  6  7  8  9 |
---------------+----------------------------+-----
Dodging        | 2 3 4 5 |  5.2
Fighting       | 1 2 3 4 5 |  5.7
Polearms       | 1 2 3 4 5 |  5.0
Spellcasting   | 3 4 5 6 |  6.4
Conjurations   | 5 |  5.2
Translocations | 1 2 |  2.0
Summonings     | 2 4 5 |  5.5
Stealth        | |  1.7
Unarmed Combat | |  0.5

Action                   |  1- 3 |  4- 6 |  7- 9 || total
-------------------------+-------+-------+-------++-------
Melee: Unarmed           |    47 |       |       ||    47
       Tailslap          |     8 |     9 |    13 ||    30
       Spear             |    37 |   148 |   166 ||   351
Throw: Stone             |     4 |       |       ||     4
       Dart              |     3 |     1 |    15 ||    19
 Cast: Magic Dart        |    57 |    17 |    38 ||   112
       Searing Ray       |     1 |     8 |    23 ||    32
       Blink             |       |       |     4 ||     4
Evoke: Wand              |       |       |     3 ||     3
  Use: Scroll            |     2 |     3 |    16 ||    21
       Potion            |       |       |     5 ||     5
 Stab: Sleeping          |     1 |     5 |     1 ||     7
Armor: Skin              |    33 |    51 |    48 ||   132
Dodge: Dodged            |    61 |    86 |   128 ||   275

Table legend: (Time is in decaauts)
 A = Elapsed time spent in this place.
 B = Non-inter-level travel time spent in this place.
 C = Inter-level travel time spent in this place.
 D = Time resting spent in this place.
 E = Time spent auto-exploring this place.
 F = Levels seen in this place.
 G = Mean time per level.
                   A        B        C        D        E       F      G
               +--------+--------+--------+--------+--------+-----+--------+
         Total |   7748 |   7562 |    186 |   1969 |   3831 |   7 | 1106.9 |
       Dungeon |   7747 |   7561 |    186 |   1969 |   3831 |   6 | 1291.2 |
        Temple |      1 |      1 |      0 |      0 |      0 |   1 |    1.0 |
               +--------+--------+--------+--------+--------+-----+--------+

Top non-repeatable levels by time:
     D:2: 1616 daAuts
     D:3: 1389 daAuts
     D:6: 1361 daAuts
     D:1: 1284 daAuts
     D:5: 1150 daAuts
     D:4: 946 daAuts
  Temple: 1 daAuts
